 Dungeon Crawl Stone Soup version 0.19.0 (webtiles) character file.

3895 lorenzova the Thaumaturge (level 10, -4/50 HPs)
             Began as a Deep Elf Conjurer on Nov 1, 2016.
             Was a Believer of Vehumet.
             Slain by a wyvern (10 damage)
             ... on level 8 of the Dungeon.
             The game lasted 00:19:02 (9746 turns).

lorenzova the Thaumaturge (Deep Elf Conjurer)       Turns: 9746, Time: 00:19:03

Health: -4/50      AC:  5    Str:  5    XL:     10   Next: 0%
Magic:  6/29       EV: 13    Int: 24    God:    Vehumet [**....]
Gold:   431        SH:  0    Dex: 18    Spells: 2 memorised, 30 levels left

rFire  . . .     SeeInvis .     l - +2 dagger (venom)
rCold  . . .     Gourm    .     a - +0 robe
rNeg   . . .     Faith    .     (no shield)
rPois  .         Spirit   .     (no helmet)
rElec  .         Reflect  .     s - +1 cloak
rCorr  .         Harm     .     (no gloves)
MR     +....                    x - +0 pair of boots
Stlth  ++........               g - amulet of regeneration
                                C - +3 ring of dexterity
                                f - +4 ring of slaying

@: barbed spikes
A: no striking features
a: Renounce Religion


You were on level 8 of the Dungeon.
You worshipped Vehumet.
Vehumet was pleased with you.
You were very hungry.

You visited 2 branches of the dungeon, and saw 9 of its levels.

You collected 431 gold pieces.

Inventory:

Hand Weapons
 l - a +2 dagger of venom (weapon)
Armour
 a - a +0 robe (worn)
 s - a +1 cloak (worn)
 x - a +0 pair of boots (worn)
Magical Staves
 z - an uncursed staff of fire
 B - an uncursed staff of air
Jewellery
 f - a +4 ring of slaying (left hand)
 g - an amulet of regeneration (around neck)
 C - a +3 ring of dexterity (right hand)
Wands
 n - a wand of paralysis (16/24)
 t - a wand of confusion (17/48)
 F - a wand of acid (11/15)
Scrolls
 d - a scroll of blinking {unknown}
 e - a scroll of teleportation {unknown}
 o - 3 scrolls of recharging
 r - a scroll of fear {unknown}
 u - a scroll of amnesia {unknown}
 w - 2 scrolls of remove curse
Potions
 h - 2 potions of invisibility
 i - a potion of curing
 j - 3 potions of agility {unknown}
 k - a potion of cure mutation {unknown}
 m - a potion of cancellation {unknown}
 p - a potion of heal wounds {unknown}
 v - a potion of brilliance {unknown}
 A - a potion of flight {unknown}
 E - a potion of degeneration {unknown}
Books
 b - a book of Conjurations

   Spells                             Type                      Level
   a - Magic Dart                     Conjuration                  1
   b - Searing Ray                    Conjuration                  2
   c - Dazzling Spray                 Conjuration/Hexes            3
   d - Fulminant Prism                Conjuration/Hexes            4
   e - Iskenderun's Mystic Blast      Conjuration                  4
   f - Iskenderun's Battlesphere      Conjuration/Charms           5
 y - a book of Changes

   Spells                             Type                      Level
   a - Beastly Appendage              Transmutation                1
   b - Sticks to Snakes               Transmutation                2
   c - Spider Form                    Transmutation/Poison         3
   d - Ice Form                       Ice/Transmutation            4
   e - Blade Hands                    Transmutation                5
 G - a book of Misfortune

   Spells                             Type                      Level
   a - Confusing Touch                Hexes                        1
   b - Confuse                        Hexes                        3
   c - Gell's Gravitas                Hexes/Translocation          3
   d - Petrify                        Transmutation/Earth          4
   e - Metabolic Englaciation         Hexes/Ice                    5
   f - Yara's Violent Unravelling     Hexes/Transmutation          5
Comestibles
 c - 2 bread rations
 q - 2 royal jellies
 D - a slice of pizza
 H - 3 fruits


   Skills:
 - Level 2.4 Dodging
 - Level 2.4 Stealth
 + Level 13.2 Spellcasting
 + Level 11.6 Conjurations


You had 30 spell levels left.
You knew the following spells:

 Your Spells              Type           Power        Failure   Level  Hunger
a - Magic Dart            Conj           ####         1%          1    None
c - Iskenderun's Mystic   Conj           ######..     1%          4    None


Dungeon Overview and Level Annotations

Branches:
Dungeon (8/15)             Temple (1/1) D:5
   Lair: D:8-11

Altars:
Ashenzari
Dithmenos
Elyvilon
Fedhas
Hepliaklqana
Kikubaaqudgha
Makhleb
Nemelex Xobeh
Okawaru
Qazlal
Ru
Uskayaw
Vehumet
Xom

Shops:
D:4 [


Message History

Confirm with . or Enter, or press ? or * to list all spells.
Aiming: Iskenderun's Mystic Blast
Press: ? - help, Shift-Dir - straight line, f/p - wyvern
Aim: a wyvern (heavily wounded)
The orb of energy hits the wyvern.
The wyvern is severely wounded.
The orb of energy explodes!
The wyvern misses you. The wyvern bites you!
* * * LOW HITPOINT WARNING * * *
An orc warrior comes into view. It is wielding a long sword.
Casting: Iskenderun's Mystic Blast
Confirm with . or Enter, or press ? or * to list all spells.
Aiming: Iskenderun's Mystic Blast
Press: ? - help, Shift-Dir - straight line, f/p - wyvern
Aim: a wyvern (severely wounded)
The orb of energy hits the wyvern.
The wyvern is almost dead.
The orb of energy explodes!
The wyvern bites you!
* * * LOW HITPOINT WARNING * * *
The wyvern closely misses you. The wyvern bites you!
You die...

#######
.......
.......
.......
.......### ##
......... .o
........#o###
.....H.@l...#
r......######
.......
.......
.....?.
.......
.......
#####+#


You could see a manticore, an orc warrior, a wyvern, an orc and a quokka.

Vanquished Creatures
  A hippogriff (D:7)
  A hungry ghost (D:7)
  Edmund (D:3)
  Menkaure (D:5)
  2 ice beasts (D:7)
  An orc warrior (D:7)
  3 sky beasts
  3 ogres
  A phantom (D:6)
  4 centaurs
  Blork the orc (D:5)
  4 bullfrogs
  A wyvern skeleton (D:6)
  4 scorpions
  4 killer bees (D:7)
  7 wights (D:7)
  A howler monkey (D:6)
  3 crimson imps
  A centaur zombie (D:5)
  4 orc priests
  3 hounds
  2 jellies
  Crazy Yiuf (D:5)
  An orc wizard (D:4)
  An iguana (D:6)
  Jessica (D:3)
  Terence (D:2)
  8 worker ants
  A hound skeleton (D:5)
  2 howler monkey zombies
  A worker ant zombie (D:3)
  4 gnolls
  9 adders
  A howler monkey skeleton (D:6)
  2 oozes
  6 worms
  4 dart slugs
  3 leopard geckos
  26 orcs
  4 giant cockroaches
  11 goblins
  2 hobgoblins
  15 jackals
  6 quokkas
  6 ball pythons
  3 bats (D:1)
  3 frilled lizards
  7 kobolds
  5 rats
187 creatures vanquished.

Notes
Turn   | Place    | Note
-------+----------+-------------------------------------------
     0 | D:1      | lorenzova the Deep Elf Conjurer began the quest for the Orb.
     0 | D:1      | Reached XP level 1. HP: 10/10 MP: 6/6
   313 | D:1      | Reached XP level 2. HP: 15/15 MP: 2/8
   475 | D:1      | Reached skill level 4 in Spellcasting
   675 | D:1      | Found an iron altar of Okawaru.
   820 | D:1      | Reached XP level 3. HP: 19/19 MP: 5/10
   895 | D:2      | Noticed Terence
   903 | D:2      | Killed Terence
   903 | D:2      | Reached skill level 5 in Conjurations
  1068 | D:2      | Reached XP level 4. HP: 24/24 MP: 4/12
  1128 | D:2      | Learned a level 4 spell: Iskenderun's Mystic Blast
  1423 | D:2      | Reached skill level 5 in Spellcasting
  2455 | D:3      | Noticed Jessica
  2456 | D:3      | Killed Jessica
  2456 | D:3      | Reached XP level 5. HP: 28/28 MP: 6/15
  2561 | D:3      | Found a sparkling altar of Nemelex Xobeh.
  2787 | D:3      | Reached skill level 6 in Spellcasting
  3559 | D:4      | Noticed Edmund
  3645 | D:3      | Reached XP level 6. HP: 26/32 MP: 7/17
  3828 | D:3      | Killed Edmund
  3828 | D:3      | Reached skill level 7 in Spellcasting
  4098 | D:4      | Found Ticricwu's Antique Armour Shop.
  4339 | D:4      | Reached XP level 7. HP: 14/36 MP: 13/20
  4471 | D:4      | Found a white marble altar of Elyvilon.
  4790 | D:4      | Reached skill level 8 in Spellcasting
  4906 | D:5      | Entered Level 5 of the Dungeon
  5392 | D:5      | Noticed Blork the orc
  5396 | D:5      | Killed Blork the orc
  5532 | D:5      | Noticed Menkaure
  5536 | D:5      | Killed Menkaure
  5536 | D:5      | Reached skill level 9 in Spellcasting
  5536 | D:5      | Reached XP level 8. HP: 21/41 MP: 8/23
  5947 | D:5      | Found a staircase to the Ecumenical Temple.
  5954 | Temple   | Entered the Ecumenical Temple
  5970 | Temple   | Became a worshipper of Vehumet
  5997 | D:5      | Found a runed door.
  6221 | D:5      | Found a shattered altar of Ashenzari.
  6239 | D:5      | Saw a vision of the Shoals and the Spider Nest.
  6239 | D:5      | Noticed a merfolk
  6239 | D:5      | Noticed a siren
  6239 | D:5      | Noticed a merfolk
  6239 | D:5      | Noticed a merfolk
  6239 | D:5      | Noticed a merfolk
  6241 | D:5      | Noticed a merfolk
  6242 | D:5      | Noticed a wolf spider
  6389 | D:5      | Found an ancient bone altar of Kikubaaqudgha.
  6492 | D:5      | Reached skill level 10 in Spellcasting
  6636 | D:5      | Noticed Crazy Yiuf
  6638 | D:5      | Killed Crazy Yiuf
  6851 | D:6      | Found a hazy altar of Hepliaklqana.
  7001 | D:6      | Found a burning altar of Makhleb.
  7122 | D:6      | Found a glowing drain.
  7175 | D:6      | Reached skill level 11 in Spellcasting
  7357 | D:6      | Reached XP level 9. HP: 45/45 MP: 21/26
  7363 | D:6      | Reached skill level 10 in Conjurations
  7427 | D:6      | Reached * piety under Vehumet
  7427 | D:6      | Offered knowledge of Freeze by Vehumet.
  8321 | D:7      | Reached skill level 12 in Spellcasting
  8360 | D:7      | HP: 2/45 [poisoned by a gnoll]
  8651 | D:7      | Found a shadowy altar of Dithmenos.
  9329 | D:7      | Reached skill level 13 in Spellcasting
  9425 | D:7      | Found a blossoming altar of Fedhas.
  9500 | D:7      | Reached ** piety under Vehumet
  9666 | D:7      | Offered knowledge of Sting by Vehumet.
  9666 | D:7      | Reached XP level 10. HP: 50/50 MP: 19/29
  9739 | D:8      | Noticed a manticore
  9746 | D:8      | Slain by a wyvern

Skill      XL: |  1  2  3  4  5  6  7  8  9 |
---------------+----------------------------+-----
Spellcasting   | 4 5 6 7 9 11 13 | 13.2
Conjurations   | 5 6 7 8 9 11 | 11.6
Dodging        | |  2.4
Stealth        | |  2.4

Action                   |  1- 3 |  4- 6 |  7- 9 | 10-12 || total
-------------------------+-------+-------+-------+-------++-------
Melee: Dagger            |       |    11 |    23 |       ||    34
 Cast: Magic Dart        |    56 |   154 |   248 |       ||   458
       Iskenderun's Myst |       |    13 |    67 |     7 ||    87
  Use: Potion            |       |     1 |     1 |       ||     2
       Scroll            |       |       |     5 |       ||     5
 Stab: Sleeping          |       |       |     1 |       ||     1
  Eat: Chunk             |       |    12 |    11 |       ||    23
       Meat ration       |       |       |     1 |       ||     1
Armor: Robe              |       |     7 |    27 |       ||    34
Dodge: Dodged            |     5 |    31 |    98 |     3 ||   137
